 Dungeon Crawl Stone Soup version 0.18-a0-1435-gee79d65 (webtiles) character file.

157 Ratboiler the Ruffian (level 5, 0/72 HPs)
             Began as a Troll Warper on Feb 28, 2016.
             Slain by Grinder (4 damage)
             ... on level 3 of the Dungeon.
             The game lasted 00:04:34 (1500 turns).

Ratboiler the Ruffian (Troll Warper)                Turns: 1500, Time: 00:04:34

Health: 0/72       AC: 22    Str: 24    XL:     5   Next: 15%
Magic:  5/5        EV:  1    Int:  9    God:
Gold:   78         SH:  7    Dex: 15    Spells: 2 memorised, 3 levels left

rFire  . . .     SeeInvis .       - Unarmed
rCold  . . .     Gourm    +     (armour currently unavailable)
rNeg   + + +     Faith    .     k - +0 shield
rPois  +         Spirit   .     (helmet currently unavailable)
rElec  .         Dismiss  .     (cloak currently unavailable)
rCorr  .         Reflect  .     (gloves unavailable)
SustAt .         Harm     .     (boots unavailable)
MR     .....     NoTele   +     a - amulet of rage
Stlth  ++........               (no ring)
                                (no ring)

@: mighty, agile, tree-form, not resistant to hostile enchantments, unstealthy
A: unfitting armour, (claws 0), fast metabolism 3, gourmand, regeneration 2,
(shaggy fur 0), (tough skin 0)
a: Evoke Berserk Rage


You were on level 3 of the Dungeon.
You were completely stuffed.
You were a tree.
You visited 1 branch of the dungeon, and saw 3 of its levels.

You collected 78 gold pieces.

Inventory:

Missiles
 d - 5 tomahawks of dispersal (quivered)
 p - 31 stones
Armour
 k - a +0 shield (worn)
 s - a +0 animal skin (melded)
Jewellery
 a - an amulet of rage (around neck)
Wands
 n - a wand of paralysis (16/24)
Scrolls
 c - a scroll of blinking
 h - 2 scrolls of amnesia {unknown}
 j - 3 scrolls of enchant weapon {unknown}
 m - a scroll of fear {unknown}
Potions
 i - a potion of curing {unknown}
Books
 b - a book of Spatial Translocations

   Spells                             Type                      Level
   a - Apportation                    Translocation                1
   b - Blink                          Translocation                2
   c - Shroud of Golubria             Charms/Translocation         2
   d - Portal Projectile              Translocation                3
   e - Teleport Other                 Translocation                3
   f - Passage of Golubria            Translocation                4
Comestibles
 f - 4 bread rations
 g - 3 meat rations
 q - 4 chunks of flesh


   Skills:
 - Level 1.5 Fighting
 - Level 0.8 Throwing
 - Level 1.9 Dodging
 + Level 5.4 Unarmed Combat
 - Level 1.2 Spellcasting
 - Level 2.1 Translocations


You had 3 spell levels left.
You knew the following spells:

 Your Spells              Type           Power        Failure   Level  Hunger
a - Apportation           Tloc           #.........   89%         1    ##.....
b - Blink                 Tloc           N/A          98%         2    ###....


Dungeon Overview and Level Annotations

Branches:
Dungeon (3/15)

Altars:
Elyvilon

Annotations:
D:3 Grinder


Innate Abilities, Weirdness & Mutations

You are too large for most types of armour.
((You have claws for hands.))
Your metabolism is lightning-fast.
You like to eat raw meat.
You heal very quickly.
((You are covered in fur (AC +1).))
((You have very tough skin (AC +2).))


Message History

Grinder hits you.
You writhe in agony.
* * * LOW HITPOINT WARNING * * *
Drink which item? (? for menu, Esc to quit)
You feel very mighty all of a sudden. Grinder hits you.
* * * LOW HITPOINT WARNING * * *
You writhe in agony.
* * * LOW HITPOINT WARNING * * *
Drink which item? (? for menu, Esc to quit)
It was a potion of magic.
Magic courses through your body. You block Grinder's attack.
Drink which item? (? for menu, Esc to quit)
It was a potion of lignification.
You turn into a tree.
Your +0 animal skin melds into your body.
Your roots penetrate the ground.
Grinder completely misses you.
Drink which item? (? for menu, Esc to quit)
It was a potion of agility.
You feel agile all of a sudden. Grinder hits you.
You die...

##.##.# #.# #..##.# #.#
)#.##.# #.#
###.#.########.########
.#.....................
#.####.#######.#######.
#.# #.# #.#######.# #.#
#.# #.......... ..# #.#
#.5♣....... #.####.##
##.####.#### #.......#
#..# .. #.####..# #..#
. ..####..## #.5#
......<... ....
#.####..## #...#. ..#
#...#.. ### #.#.# ..


You could see Grinder.

Vanquished Creatures
  An orc wizard (D:3)
  Ijyb (D:2)
  Robin (D:3)
  2 adders (D:2)
  A worm (D:2)
  2 dart slugs (D:1)
  3 giant geckos
  6 orcs (D:3)
  2 giant cockroaches
  8 goblins
  11 hobgoblins
  3 kobolds
  A ball python (D:1)
  8 bats
  2 giant newts
  5 rats
57 creatures vanquished.

Notes
Turn   | Place    | Note
--------------------------------------------------------------
     0 | D:1      | Ratboiler the Troll Warper began the quest for the Orb.
     0 | D:1      | Reached XP level 1. HP: 19/19 MP: 1/1
    36 | D:1      | Reached XP level 2. HP: 27/27 MP: 2/2
   203 | D:1      | Reached skill level 3 in Unarmed Combat
   704 | D:1      | Reached XP level 3. HP: 30/33 MP: 3/3
   731 | D:2      | Noticed Ijyb
   733 | D:2      | Paralysed by Ijyb for 5 turns
   746 | D:2      | Killed Ijyb
   746 | D:2      | Reached skill level 4 in Unarmed Combat
   790 | D:2      | Found a white marble altar of Elyvilon.
   836 | D:2      | Reached XP level 4. HP: 41/41 MP: 4/4
  1315 | D:3      | Learned a level 2 spell: Blink
  1390 | D:3      | Noticed Robin
  1390 | D:3      | Reached skill level 5 in Unarmed Combat
  1398 | D:3      | Reached XP level 5. HP: 43/48 MP: 5/5
  1400 | D:3      | Killed Robin
  1478 | D:3      | Noticed Grinder
  1484 | D:3      | Paralysed by Grinder for 3 turns
  1497 | D:3      | HP: 2/48 [Grinder (5)]
  1500 | D:3      | Slain by Grinder

Vault maps used:
D:1:      dpeg_arrival_simpleton_c
D:2:      elyvilon_altar_1, uniq_iyjb
D:3:      old_standard_altar, uniq_robin, uniq_terence, uniq_grinder

Skill      XL: |  1  2  3  4 |
---------------+-------------+-----
Unarmed Combat | 3 4 5 |  5.4
Fighting       | |  1.5
Throwing       | |  0.8
Dodging        | |  1.9
Spellcasting   | |  1.2
Translocations | |  2.1

Action                   |  1- 3 |  4- 6 || total
-------------------------+-------+-------++-------
Melee: Unarmed           |    74 |    78 ||   152
  Use: Potion            |       |     4 ||     4
  Eat: Chunk             |     4 |    14 ||    18
       Beef jerky        |     1 |       ||     1
